 Dungeon Crawl Stone Soup version 0.18-a0-721-g8fc53f4 (console) character file.

44 bli the Shield-Bearer (level 3, -2/34 HPs)
             Began as a Deep Dwarf Fighter on Dec 8, 2015.
             Killed by nerve-wracking pain
             ... invoked by Grinder
              (11 damage)
             ... on level 3 of the Dungeon.
             The game lasted 00:03:45 (932 turns).

bli the Shield-Bearer (Deep Dwarf Fighter)           Turns: 932, Time: 00:03:46

Health: -2/34      AC:  6    Str: 19    XL:     3   Next: 41%
Magic:  3/3        EV:  7    Int: 12    God:
Gold:   104        SH:  9    Dex: 13    Spells: 0 memorised, 2 levels left

rFire  . . .     SeeInvis .     a - +0 war axe
rCold  . . .     Clarity  .     b - +0 scale mail
rNeg   . . .     SustAt   .     c - +0 shield
rPois  .         Gourm    .     (no helmet)
rElec  .         Spirit   .     (no cloak)
rCorr  .         Dismiss  .     (no gloves)
rMut   .         Stasis   .     (no boots)
MR     .....                    (no amulet)
Stlth  ..........               (no ring)
                                l - +4 ring of intelligence

@: non-regenerating, not resistant to hostile enchantments, extremely unstealthy
A: damage resistance, recharge devices, sense surroundings 1, slow regeneration
3
a: Device Recharging


You were on level 3 of the Dungeon.
You were not hungry.

You visited 1 branch of the dungeon, and saw 3 of its levels.

You collected 104 gold pieces.

Inventory:

Hand Weapons
 a - a +0 war axe (weapon)
Missiles
 i - 59 stones (quivered)
Armour
 b - a +0 scale mail (worn)
 c - a +0 shield (worn)
 q - a +0 plate armour
Jewellery
 l - a +4 ring of intelligence (left hand)
Wands
 e - a wand of heal wounds (5)
Scrolls
 g - a scroll of magic mapping {unknown}
 j - 5 scrolls of identify {unknown}
 n - a scroll of fog {unknown}
 o - a scroll of remove curse {unknown}
 p - a scroll of fear {unknown}
Potions
 d - 2 potions of might
 h - 2 potions of magic {unknown}
 k - 2 potions of lignification {unknown}
 m - 2 potions of degeneration {unknown}
Comestibles
 f - 2 bread rations


   Skills:
 + Level 3.0 Fighting
 + Level 2.6 Axes
 + Level 3.6 Armour
 * Level 4.1 Shields


You had 2 spell levels left.
You didn't know any spells.

Dungeon Overview and Level Annotations

Branches:
Dungeon (3/15)

Altars:
Qazlal
Xom

Annotations:
D:3 Grinder


Innate Abilities, Weirdness & Mutations

You are resistant to damage.
You can recharge devices by infusing magical energy.
You passively map a small area around you.
You do not regenerate naturally.


Message History

You block the giant newt's attack.
You slash the rat!
You kill the rat!
You miss the giant newt. The giant newt bites you.
Grinder gestures.
Grinder blinks!
An orc comes into view. It is wielding a short sword.
Things that are here:
a potion of might; a rat corpse
d - 2 potions of might (gained 1)
The orc shouts!
You block the giant newt's attack.
Grinder says, "At least Makhleb appreciates what I'm doing."
You block Grinder's attack.
Grinder gestures.
Grinder blinks!
Found a club.
Grinder gestures at you. Pain shoots through your body!
You die...

, , * * , * . *,,, **
# ##. , #)... *
*##.######.#.#### *
,....§...# ..#.. # *
,,#.# #.#.#####.###
,####.#†###.#...#.....
* * *
............5........
, .#....#..o......#.#
, ..............l@.<#
#,
.#.#..........###.#.#
#,#................. ,
#.................. ,
* #.#<...............#
* ...#.#.............#
, #...#............,#
, .# #............ ,
............... * ,
###............
#............ *


You could see Grinder, an orc and a giant newt.

Vanquished Creatures
  An ooze (D:1)
  A worm (D:2)
  A bat (D:1)
  5 giant cockroaches
  5 goblins
  5 hobgoblins
  7 kobolds
  2 giant newts (D:1)
  3 jackals (D:1)
  6 rats
36 creatures vanquished.

Notes
Turn   | Place    | Note
--------------------------------------------------------------
     0 | D:1      | bli the Deep Dwarf Fighter began the quest for the Orb.
     0 | D:1      | Reached XP level 1. HP: 20/20 MP: 1/1
   147 | D:1      | Reached XP level 2. HP: 25/28 MP: 2/2
   441 | D:1      | Reached XP level 3. HP: 17/34 MP: 3/3
   753 | D:2      | Found a shimmering altar of Xom.
   753 | D:2      | Found a stormy altar of Qazlal.
   827 | D:2      | Reached skill level 4 in Shields
   897 | D:2      | You fall through a shaft!
   914 | D:3      | Noticed Grinder
   932 | D:3      | Killed from afar by Grinder

Vault maps used:
D:1:      dpeg_arrival_pits
D:2:      ashenzari_altar_1, gammafunk_temple_overflow_wave, first_bread,
          uniq_iyjb
D:3:      minmay_strange_pillars, uniq_grinder

Action                   || total
-------------------------++-------
Melee: War axe           ||   115
